 Dungeon Crawl Stone Soup version 0.25.1-2-g60ff931df9 (webtiles) character file.

Game seed: 7061697110764663517

30 Arcadio the Grasshopper (level 3, 0/16 HPs)
             Began as a Felid Warper on Dec 3, 2020.
             Succumbed to an adder's poison
             ... on level 2 of the Dungeon.
             The game lasted 00:06:29 (1291 turns).

Arcadio the Grasshopper (Felid Warper)              Turns: 1291, Time: 00:06:29

Health: 0/16       AC:  1    Str:  7    XL:     3   Next: 5%
Magic:  7/7        EV: 19    Int: 14    God:
Gold:   17         SH:  0    Dex: 16    Spells: 4/6 levels left
                                        Lives:  0   Deaths: 0

rFire    . . .     SeeInvis +     - Unarmed
rCold    . . .     Gourm    .   (shield unavailable)
rNeg     . . .     Faith    .   (armour unavailable)
rPois    .         Spirit   .   (helmet unavailable)
rElec    .         Reflect  .   (cloak unavailable)
rCorr    .         Harm     .   (gloves unavailable)
MR       .....                  (boots unavailable)
Stlth    ++........             (no amulet)
HPRegen  0.05/turn              (no ring)
MPRegen  0.10/turn              (no ring)

@: lethally poisoned (0 -> -10), quick
A: very small, no armour, no weapons or thrown items, stealth, claws 1, fangs 3,
see invisible, carnivore, speed 1, shaggy fur 1, slow metabolism 1, sharp paws
a: no special abilities


You were on level 2 of the Dungeon.
You were completely stuffed.

You visited 1 branch of the dungeon, and saw 2 of its levels.

You collected 17 gold pieces.

Inventory:

Scrolls
 a - a scroll of noise {unknown}
 b - a scroll of blinking
 e - a scroll of remove curse {unknown}
 f - 2 scrolls of identify {unknown}
 g - a scroll of random uselessness {unknown}
Comestibles
 c - 6 rations


   Skills:
 - Level 2.1 Fighting
 - Level 3.5 Dodging
 + Level 2.0 Stealth
 + Level 2.7 Unarmed Combat
 - Level 2.1 Spellcasting
 - Level 4.4 Translocations


You had 4 spell levels left.
You knew the following spells:

 Your Spells              Type           Power        Failure   Level  Hunger
a - Blink                 Tloc           N/A          6%          2    ###....

Your spell library contained the following spells:

 Spells                   Type           Power        Failure   Level  Hunger
 Gell's Gravitas          Tloc           ##........   12%         3    ####...
 Lesser Beckoning         Tloc           ##........   12%         3    ####...
 Teleport Other           Tloc           ##......     12%         3    ####...
 Shroud of Golubria       Chrm/Tloc      #.....       14%         2    ###....
 Passage of Golubria      Tloc           N/A          36%         4    #####..


Dungeon Overview and Level Annotations

Branches:
Dungeon (1/15)

Altars:


Innate Abilities, Weirdness & Mutations

You cannot wear armour.
You are incapable of wielding weapons or throwing items.
Your paws allow you to move quietly. (Stealth)
You have sharp claws.
You have razor-sharp teeth.
You have supernaturally acute eyesight. (SInv)
You are carnivorous and can eat meat at any time.
You cover ground quickly.
You are covered in fur. (AC +1)
You have a slow metabolism.
Your sharp claws are effective at attacking unaware monsters.


Message History

The adder completely misses you.
You closely miss the adder.
The adder is moderately wounded.
The adder closely misses you. The adder barely misses you.
You miss the adder.
The adder is moderately wounded.
You feel sick. The adder bites you.
You scratch the adder.
The adder is heavily wounded.
The adder bites you.
* * * LOW HITPOINT WARNING * * *
You scratch the adder.
The adder is heavily wounded.
The adder bites you.
* * * LOW HITPOINT WARNING * * *
You are more poisoned.
The adder poisons you!
You closely miss the adder.
The adder is heavily wounded.
You die...

.# #.# .. ##
#.########..
#......)....
###
#########.#.
..#
#######.#
#.#
#.......#
#.#
#.#######
#S# #.# #@#
#.# #.# #.#
#.# #.# #.#
#.#
#.#######.#
#.........#
###########


You could see an adder.

Vanquished Creatures
  An adder (D:2)
  A dart slug (D:1)
  A ball python (D:2)
  A giant cockroach (D:2)
  2 goblins
  2 hobgoblins (D:2)
  3 kobolds (D:1)
  4 bats
  4 rats (D:2)
19 creatures vanquished.

Notes
Turn   | Place    | Note
-------+----------+-------------------------------------------
     0 | D:1      | Arcadio the Felid Warper began the quest for the Orb.
     0 | D:1      | Reached XP level 1. HP: 9/9 MP: 4/4
   259 | D:1      | Reached XP level 2. HP: 13/13 MP: 6/6
   310 | D:1      | You fall into a shaft and drop 1 floor!
   468 | D:2      | Learned a level 2 spell: Blink
   579 | D:2      | Reached skill level 1 in Stealth
   956 | D:2      | Reached XP level 3. HP: 6/16 MP: 7/7
  1291 | D:2      | Succumbed to an adder's poison

Illustrated notes

Levels and vault maps discovered:
D:1:      psy_arrival_fountain, layout_loops_ring
D:2:      layout_loops_ring

Skill      XL: |  1  2  3 |
---------------+----------+-----
Stealth        | 1 2 |  2.0
Fighting       | |  2.1
Dodging        | |  3.5
Unarmed Combat | |  2.7
Spellcasting   | |  2.1
Translocations | |  4.4

Action                   || total
-------------------------++-------
Melee: Unarmed           ||    86
       Bite              ||     5
 Stab: Sleeping          ||     2
  Eat: Chunk             ||     8
Armor: Skin              ||     6
Dodge: Dodged            ||    74
